 Dungeon Crawl Stone Soup version 0.29.1-15-g9cfb28693d (webtiles) character file.

Game seed: 9157714886062594198

7321 booth the Arsonist (level 10, -5/63 HPs)
             Began as a Demonspawn Fire Elementalist on Mar 28, 2023.
             Was a Priest of Ashenzari.
             Slain by an orc warrior
             ... wielding a +0 scimitar
              (21 damage)
             ... on level 10 of the Dungeon on Mar 31, 2023.
             The game lasted 01:53:37 (13107 turns).

booth the Arsonist (Demonspawn Fire Elementalist)  Turns: 13107, Time: 01:53:37

Health: -5/63      AC:  8    Str:  9    XL:     10   Next: 90%
Magic:  16/22      EV: 18    Int: 21    God:    Ashenzari [***...]
Gold:   477        SH:  0    Dex: 13    Spells: 4/25 levels left

rFire   + . .      SeeInvis +   G - +0 quarterstaff (chaos)
rCold   + . .      Faith    .   (shield currently unavailable)
rNeg    . . .      Spirit   .   q - +1 robe of Ashenzari's Portent {rElec rPois Stlth- Archmagi, Self, Melee} (curse)
rPois   +          Reflect  .   l - +2 helmet of Supernal Knowledge {Fort, Alch} (curse)
rElec   +          Harm     .   v - scarf of the Unveiling Sphere {rC+ rF+, Self, Fort} (curse)
rCorr   +          Rampage  .   m - +0 pair of gloves
Will    .....      Archmagi +   (no boots)
Stlth   +++....... Clarity  +   (no amulet)
HPRegen 0.20/turn               d - ring of the Esoteric Pleiades {rCorr, Fort, Bglg} (curse)
MPRegen 0.18/turn               a - ring "Clairvoyant Bitterness" {EV+4, Cun, Alch} (curse)

@: studying Polearms
A: hooves 1, ignite blood 2, sharp scales 1
a: Renounce Religion, Curse Item, Shatter the Chains


You were on level 10 of the Dungeon.
You worshipped Ashenzari.
Ashenzari was most pleased with you.
You visited 2 branches of the dungeon, and saw 11 of its levels.

You collected 589 gold pieces.
You spent 112 gold pieces at shops.

Inventory:

Hand Weapons
 f - a +0 whip of pain
 j - a +0 mace
 u - a +1 dagger of venom
 y - a +2 vorpal flail
 B - a +2 spear
 G - a +0 quarterstaff of chaos (weapon)
 K - a +0 lajatang
Missiles
 b - 5 javelins (quivered)
 h - 58 poisoned darts
 A - 2 datura-tipped darts
 C - 3 throwing nets
 F - 4 boomerangs
Armour
 c - a +0 cloak
 e - a +0 leather armour
 l - the cursed +2 helmet of Supernal Knowledge (worn) {Fort, Alch}
   (You found it on level 2 of the Dungeon)

   It has a curse which improves the following skills: Fortitude: Armour and
   Shields.
   Alchemy:   Poison Magic and Transmutations.
 m - a +0 pair of gloves (worn)
 q - the cursed +1 robe of Ashenzari's Portent (worn) {rElec rPois Stlth- Archmagi, Self, Melee}
   (You found it on level 2 of the Dungeon)

   rElec:     It insulates you from electricity.
   rPois:     It protects you from poison.
   Archmagi:  It increases the power of your magical spells.
   Stlth:     It makes you less stealthy.
   It has a curse which improves the following skills: Introspection: Fighting
   and Spellcasting.
   Melee Combat: Short Blades, Long Blades, Axes, Maces & Flails, Polearms,
   Staves and Unarmed Combat.
 v - the cursed scarf of the Unveiling Sphere (worn) {rC+ rF+, Self, Fort}
   (You found it on level 3 of the Dungeon)

   It has a curse which improves the following skills: Introspection: Fighting
   and Spellcasting.
   Fortitude: Armour and Shields.
 M - the +4 ring mail "Nihoma" {rElec Str+4}
   (You found it on level 10 of the Dungeon)

   Str:       It affects your strength (+4).
   rElec:     It insulates you from electricity.
Magical Staves
 w - a staff of fire
Jewellery
 a - the cursed ring "Clairvoyant Bitterness" (right hand) {EV+4, Cun, Alch}
   (You found it on level 2 of the Dungeon)

   [ring of evasion]

   EV:        It affects your evasion (+4).
   It has a curse which improves the following skills: Cunning: Dodging and
   Stealth.
   Alchemy:   Poison Magic and Transmutations.
 d - the cursed ring of the Esoteric Pleiades (left hand) {rCorr, Fort, Bglg}
   (You found it on level 1 of the Dungeon)

   [ring of resist corrosion]

   rCorr:     It protects you from acid and corrosion.
   It has a curse which improves the following skills: Fortitude: Armour and
   Shields.
   Beguiling: Conjurations, Hexes and Translocations.
 p - a ring of see invisible
Wands
 s - a wand of flame (45)
Scrolls
 o - 4 scrolls of identify
 D - a scroll of amnesia
 H - a scroll of magic mapping
 I - 2 scrolls of silence
Potions
 g - 3 potions of curing
 i - 2 potions of might
 k - 5 potions of flight
 n - 2 potions of haste
 r - a potion of ambrosia
 t - 2 potions of resistance
 x - 2 potions of cancellation
 z - 2 potions of brilliance
 E - 3 potions of heal wounds
 L - a potion of invisibility
Miscellaneous
 J - a tin of tremorstones (1/2)


   Skills:
 + Level 4.2(5.7) Staves
 + Level 2.7(5.3) Armour
 - Level 4.5(6.1) Dodging
 + Level 6.1(7.7) Stealth
 + Level 5.6(8.0) Spellcasting
 + Level 5.7(7.3) Conjurations
 + Level 5.7(7.3) Hexes
 * Level 8.0 Fire Magic
 + Level 4.7 Evocations


You had 4 spell levels left.
You knew the following spells:

 Your Spells              Type           Power      Damage    Failure   Level
a - Foxfire               Conj/Fire      100%       2x1d9     1%          1
b - Scorch                Fire           100%       2d10      1%          2
c - Conjure Flame         Conj/Fire      57%        6-21      1%          3
d - Inner Flame           Hex/Fire       57%        N/A       1%          3
e - Ensorcelled Hibernat  Hex/Ice        70%        N/A       2%          2
f - Magic Dart            Conj           100%       1d8       1%          1
g - Mephitic Cloud        Conj/Pois/Air  28%        N/A       9%          3
h - Flame Wave            Conj/Fire      57%        2d14      3%          4
i - Poisonous Vapours     Pois/Air       26%        N/A       11%         2

Your spell library contained the following spells:

 Spells                   Type           Power      Damage    Failure   Level
 Slow                     Hex            100%       N/A       1%          1
 Confusing Touch          Hex            56%        N/A       1%          3
 Sting                    Tmut/Pois      56%        1d5       7%          1
 Apportation              Tloc           26%        N/A       8%          1
 Necrotise                Necr           48%        1d6       8%          1
 Summon Small Mammal      Summ           48%        N/A       8%          1
 Passwall                 Tmut/Erth      10%        N/A       11%         2
 Call Imp                 Summ           12%        N/A       12%         2
 Swiftness                Air            12%        N/A       24%         3
 Vampiric Draining        Necr           12%        2d6       24%         3
 Olgreb's Toxic Radiance  Pois           14%        N/A       56%         4
 Agony                    Necr           12%        N/A       91%         5


Dungeon Overview and Level Annotations

Branches:
Dungeon (10/15)            Temple (1/1) D:4            Lair (0/5) D:8
    Orc: D:9-12

Altars:
Ashenzari
Cheibriados
Dithmenos
Fedhas
Gozag
Hepliaklqana
Kikubaaqudgha
Makhleb
Nemelex Xobeh
Okawaru
Qazlal
Ru
Trog
Uskayaw
Vehumet
Wu Jian
Xom
Yredelemnul

Shops:
D:5 [   D:8 (   D:10 [

Portals:
Abyss: D:8

Annotations:
D:8 2 transporters, booth's ghost, novice DsCj
D:10 1 runed translucent door, ShinQuickMan's ghost, novice DECj


Innate Abilities, Weirdness & Mutations

You have large cloven feet.
Your demonic aura often causes spilled blood to erupt in flames.
You are partially covered in razor-sharp scales. (AC +1, Slay +1)


Message History

The orc warrior is moderately wounded.
The foxfire hits the orc warrior.
The orc warrior is moderately wounded.
The orc warrior hits you with a +0 scimitar.
The orc priest looks braver for a moment.
Casting: Foxfire (safe; 1% risk of failure)
Confirm with . or Enter, or press ? or * to list all spells.
You feel a surge of power!
Flames lash the orc warrior.
The orc warrior is severely wounded.
The orc warrior's fire resistance burns away.
The orc warrior closely misses you.
You barely miss the orc warrior. Your kick misses the orc warrior.
The orc warrior is severely wounded.
The orc warrior barely misses you.
The orc priest calls upon Beogh to heal the orc warrior.
The orc warrior is healed somewhat.
You closely miss the orc warrior.
The orc warrior is heavily wounded.
The orc warrior barely misses you.
An orc comes into view. It is wielding a +0 club.
Casting: Scorch (safe; 1% risk of failure)
Confirm with . or Enter, or press ? or * to list all spells.
You feel a surge of power!
You conjure some foxfire!
The orc shouts!
The orc warrior misses you.
You hit the orc warrior but do no damage.
The orc warrior is poisoned.
You kick the orc warrior, but do no damage.
The orc warrior is heavily wounded.
The foxfire hits the orc warrior.
The orc warrior is burned terribly!
The orc warrior is severely wounded.
The foxfire hits the orc warrior but does no damage.
The orc warrior is severely wounded.
The orc warrior hits you with a +0 scimitar!!
* * * LOW HITPOINT WARNING * * *
The orc warrior is no longer more vulnerable to fire.
The orc warrior closely misses you.
The orc warrior attacks as you move away!
The orc warrior hits you with a +0 scimitar!!
You die...

#.# #...# ##########.##...#..#
#.####### #..#.......##...#..#
#.#.....# #..#.......##...#..#
#.#.♣.♣.###..#.......##...#..#
#.#..∩..'.#..#.......##.<.#..#
#.#.♣.♣.#....#.......##...#..#
#.#.....###..#.......##...#..##
###.#######...o........##........
...........o[.○o@................
#################################


You could see an orc warrior (very poisoned), an orc priest and an orc.

Vanquished Creatures
  Pikel (D:8)
  Psyche (D:8)
  A kobold demonologist (D:10)
  A troll (D:8)
  2 wyverns (D:9)
  Grum (D:8)
  A steam dragon (D:10)
  Menkaure (D:4)
  Edmund (D:5)
  A water moccasin (D:8)
  2 ice beasts
  A sky beast (D:7)
  A black bear (D:6)
  2 orc warriors (D:9)
  3 ogres
  5 centaurs
  8 wolves (D:8)
  A lemure (D:8)
  2 phantoms
  8 kobold brigands
  Blork the orc (D:4)
  4 scorpions
  2 bullfrogs (D:7)
  A gnoll sergeant (D:10)
  14 wights
  4 killer bees (D:9)
  A howler monkey (D:7)
  3 electric eels (D:8)
  3 orc priests
  6 hounds
  5 jellies
  5 iguanas
  Terence (D:3)
  10 orc wizards
  12 gnolls
  5 adders
  A white imp (D:6)
  3 ufetubi
  A worm (D:3)
  5 dart slugs
  24 orcs
  6 endoplasms
  3 giant cockroaches
  7 goblins
  10 hobgoblins
  2 jackals (D:1)
  33 kobolds
  2 quokkas
  9 ball pythons
  7 bats
  A frilled lizard (D:1)
  8 rats
243 creatures vanquished.

Vanquished Creatures (others)
  490 foxfires
  2 plants (D:10)
492 creatures vanquished.

Grand Total: 735 creatures vanquished

Notes
Turn   | Place    | Note
-------+----------+-------------------------------------------
     0 | D:1      | booth the Demonspawn Fire Elementalist began the quest for
                  | the Orb.
     0 | D:1      | Reached XP level 1. HP: 13/13 MP: 3/3
   326 | D:1      | Gained mutation: You are partially covered in razor-sharp
                  | scales. (AC +1, Slay +1) [demonic ancestry]
   326 | D:1      | Reached XP level 2. HP: 14/19 MP: 3/5
   493 | D:1      | Learned a level 2 spell: Scorch
   531 | D:1      | Reached skill level 3 in Fire Magic
  1038 | D:2      | Found a hazy altar of Hepliaklqana.
  1152 | D:2      | Reached XP level 3. HP: 24/24 MP: 6/6
  1391 | D:2      | Identified the +1 robe of the Well-Known Priests {rElec
                  | rPois Stlth- Archmagi}
  2079 | D:3      | Noticed Terence
  2122 | D:3      | Learned a level 3 spell: Conjure Flame
  2260 | D:3      | Found an ornate altar of the Wu Jian Council.
  2310 | D:3      | Killed Terence
  2311 | D:3      | Reached skill level 1 in Hexes
  2311 | D:3      | Reached XP level 4. HP: 15/30 MP: 0/7
  2511 | D:3      | Found a stormy altar of Qazlal.
  2861 | D:4      | Found a staircase to the Ecumenical Temple.
  2886 | Temple   | Entered the Ecumenical Temple
  3049 | Temple   | Became a worshipper of Ashenzari the Shackled
  3102 | D:4      | Noticed a phantom
  3117 | D:4      | Killed a phantom
  3118 | D:4      | Reached XP level 5. HP: 26/35 MP: 0/8
  3438 | D:4      | Noticed Blork the orc
  3446 | D:4      | Killed Blork the orc
  3567 | D:4      | Reached skill level 4 in Fire Magic
  3567 | D:4      | Gained mutation: Your demonic aura sometimes causes spilled
                  | blood to erupt in flames. [demonic ancestry]
  3567 | D:4      | Reached XP level 6. HP: 41/41 MP: 5/10
  3962 | D:4      | Gained mutation: You have large cloven feet. [demonic
                  | ancestry]
  3962 | D:4      | Reached XP level 7. HP: 46/46 MP: 2/11
  3997 | D:4      | Noticed Menkaure
  4010 | D:4      | Killed Menkaure
  4239 | D:4      | Learned a level 3 spell: Inner Flame
  4242 | D:4      | Learned a level 2 spell: Ensorcelled Hibernation
  4561 | D:5      | Entered Level 5 of the Dungeon
  4571 | D:5      | Reached skill level 5 in Fire Magic
  4846 | D:5      | Reached skill level 1 in Evocations
  4846 | D:5      | Reached XP level 8. HP: 26/52 MP: 3/13
  5328 | D:5      | Noticed Edmund
  5331 | D:5      | Reached skill level 1 in Staves
  5337 | D:5      | Killed Edmund
  5443 | D:5      | Found Meboanarch's Armour Shop.
  5497 | D:5      | Reached * piety under Ashenzari
  5878 | D:6      | Learned a level 1 spell: Magic Dart
  6213 | D:6      | Learned a level 3 spell: Mephitic Cloud
  6753 | D:6      | Reached skill level 6 in Fire Magic
  6762 | D:6      | Gained mutation: Your demonic aura often causes spilled
                  | blood to erupt in flames. [demonic ancestry]
  6762 | D:6      | Reached XP level 9. HP: 45/57 MP: 4/15
  7012 | D:6      | Reached ** piety under Ashenzari
  7238 | D:6      | Found an ancient bone altar of Kikubaaqudgha.
  7245 | D:6      | Found a sacrificial altar of Ru.
  7252 | D:6      | Found a hazy altar of Hepliaklqana.
  7496 | D:7      | Found a burning altar of Makhleb.
  8022 | D:7      | Found a hide-covered altar of Uskayaw.
  8644 | D:7      | Reached skill level 5 in Stealth
  9278 | D:8      | Found a staircase to the Lair.
  9301 | D:8      | Reached skill level 1 in Armour
  9323 | D:8      | Found Fowebb's Firing Range.
  9328 | D:8      | Bought 2 throwing nets for 84 gold pieces
  9328 | D:8      | Bought 2 boomerangs for 14 gold pieces
  9328 | D:8      | Bought 2 boomerangs for 14 gold pieces
  9389 | D:8      | Noticed a troll
  9400 | D:8      | Killed a troll
  9401 | D:8      | Reached skill level 7 in Fire Magic
  9407 | D:8      | Noticed Grum
  9412 | D:8      | Noticed Psyche
  9415 | D:8      | Reached XP level 10. HP: 58/63 MP: 12/19
  9515 | D:8      | Found a transporter.
  9515 | D:8      | Found a transporter.
  9553 | D:8      | Learned a level 4 spell: Flame Wave
  9573 | D:8      | Noticed Pikel
  9578 | D:8      | Killed Pikel
  9579 | D:8      | Reached skill level 5 in Spellcasting
  9579 | D:8      | Reached skill level 5 in Conjurations
  9579 | D:8      | Reached skill level 5 in Hexes
  9692 | D:8      | Killed Grum
  9714 | D:8      | Killed Psyche
 10453 | D:8      | Noticed a toenail golem
 10482 | D:8      | Noticed booth's ghost (novice DsCj)
 10484 | D:8      | Found a one-way gate to the infinite horrors of the Abyss.
 10552 | D:8      | Learned a level 2 spell: Poisonous Vapours
 11294 | D:9      | Reached *** piety under Ashenzari
 11752 | D:10     | Entered Level 10 of the Dungeon
 12001 | D:10     | Identified the +4 ring mail "Nihoma" {rElec Str+4}
 12560 | D:10     | Reached skill level 8 in Fire Magic
 12757 | D:10     | Found Onaloew's Armour Shoppe.
 12850 | D:10     | Found a runed translucent door.
 12854 | D:10     | Noticed ShinQuickMan's ghost (novice DECj)
 12856 | D:10     | Identified the +2 spear of Qazlal's Vengeance {venom,
                  | Int+2}
 13107 | D:10     | Slain by an orc warrior

Illustrated notes

Levels and vault maps discovered:
D:1:      dpeg_arrival_central, layout_basic
D:2:      layout_basic, basic_altar
D:3:      layout_rooms, nicolae_wu_jian_wuxing_cycle,
          nicolae_qazlal_eye_of_the_storm, uniq_terence
D:4:      layout_loops_ring, minmay_temple_entry_offerings, hex_large,
          minmay_manual_monolith, uniq_menkaure, uniq_blork_the_orc
D:5:      layout_layer_cave, serial_shops, shop, uniq_edmund
D:6:      layout_loops_corners, grunt_temple_overflow_diamond,
          kennysheep_generic_room_5
D:7:      layout_basic, mainiacjoe_overflow_alcove_1,
          mainiacjoe_overflow_chevrons
D:8:      layout_loops_cross, erik_lair_island, gammafunk_ghost_abyssal_escape,
          nicolae_shop_firing_range, uniq_grum, uniq_pikel, uniq_psyche
D:9:      layout_loops_cross
D:10:     layout_long_grid, ebering_ghost_funeral_grove,
          serial_co_window_serial, co_window_corner_a, co_window_paths_a,
          co_window_paths_a, co_window_corner_a, co_window_of_opportunity_a,
          co_window_paths_a, co_window_paths_a, co_window_2corner,
          co_window_unsneaky_path_d, co_window_corner_b, co_window_broadway_a,
          co_window_paths_e, glass_columns_a, glass_columns_c, glass_columns_b,
          glass_columns_a, glass_columns_b, serial_shops, kennysheep_little_box
Temple:   bh_familiar_temple

Skill      XL: |  1  2  3  4  5  6  7  8  9 10 |
---------------+-------------------------------+-----
Dodging        | 2 3 4 |  4.5
Stealth        | 2 3 4 5 6 |  6.1
Fire Magic     | 3 4 5 6 7 8 |  8.0
Hexes          | 1 2 3 4 5 |  5.7
Conjurations   | 2 3 4 5 |  5.7
Spellcasting   | 3 4 5 |  5.6
Evocations     | 1 2 3 4 |  4.7
Staves         | 2 3 4 |  4.2
Armour         | 1 2 |  2.7

Action                   |  1- 3 |  4- 6 |  7- 9 | 10-12 || total
-------------------------+-------+-------+-------+-------++-------
Melee: Unarmed           |     8 |       |       |       ||     8
       Dagger            |    72 |    39 |     4 |       ||   115
       Staff             |       |       |    85 |    42 ||   127
       Kick              |       |       |    22 |    15 ||    37
       Punch             |       |       |     1 |       ||     1
       Quarterstaff      |       |       |       |    11 ||    11
Throw: Dart              |       |       |     3 |       ||     3
       Javelin           |       |       |       |     7 ||     7
 Cast: Foxfire           |    48 |    45 |   140 |    74 ||   307
       Scorch            |     1 |     5 |    67 |    67 ||   140
       Ensorcelled Hiber |       |       |     1 |       ||     1
       Inner Flame       |       |       |     1 |       ||     1
       Flame Wave        |       |       |       |     4 ||     4
       Mephitic Cloud    |       |       |       |     3 ||     3
       Conjure Flame     |       |       |       |     1 ||     1
Invok: Curse Item        |       |       |     3 |     2 ||     5
Evoke: Wand              |       |       |     1 |       ||     1
       Tin of tremorston |       |       |       |     1 ||     1
  Use: Scroll            |     3 |     1 |     5 |     2 ||    11
       Potion            |     1 |       |     2 |     1 ||     4
Armor: Robe              |    27 |    18 |    41 |    32 ||   118
Dodge: Dodged            |    89 |    46 |   168 |   142 ||   445
